 Dungeon Crawl Stone Soup version 0.31.0-32-g396128a36d (webtiles) character file.

Game seed: 12998632727591341339

467 H0rd4k the Insei (level 7, -1/45 HPs)
             Began as an Octopode Artificer on Mar 19, 2024.
             Slain by an orc wizard
             ... wielding a +0 dagger
              (3 damage)
             ... on level 4 of the Dungeon.
             The game lasted 00:02:16 (2803 turns).

H0rd4k the Insei (Octopode Artificer)               Turns: 2803, Time: 00:02:17

Health: -1/45      AC:  1    Str: 11    XL:     7   Next: 8%
Magic:  7/7        EV: 13    Int: 16    God:
Gold:   189        SH:  5    Dex: 12    Spells: 6/6 levels left

rFire   . .          .
                       - Unarmed
rCold   . . .        (no shield)
rNeg    . . .        (helmet restricted)
rPois   .            a - amulet of reflection
rElec   .            (no ring)
rCorr   .            (no ring)
SInv    .            (no ring)
Will    .....        (no ring)
Stlth   +++          (no ring)
HPRegen 0.27/turn    (no ring)
MPRegen 0.10/turn    (no ring)
                     (no ring)

%: reflection
@: brilliant
A: almost no armour, amphibious, 8 rings, camouflage 1, gelatinous body 1,
(nimble swimmer 1), tentacles
a: no special abilities


You were on level 4 of the Dungeon.
You visited 1 branch of the dungeon, and saw 4 of its levels.

You collected 189 gold pieces.

Inventory:

Missiles
 k - 11 poisoned darts
Jewellery
 a - an amulet of reflection (around mantle)
Talismans
 p - a maw talisman
Wands
 b - a wand of flame (13) (quivered)
 c - a wand of charming (12)
 d - a wand of iceblast (4)
Scrolls
 f - 3 scrolls of identify {unknown}
 g - a scroll of brand weapon {unknown}
 h - 2 scrolls of teleportation {unknown}
 l - 2 scrolls of blinking {unknown}
 m - a scroll of torment {unknown}
 n - a scroll of vulnerability {unknown}
Potions
 e - a potion of curing
 i - 2 potions of brilliance
 j - a potion of lignification {unknown}
 o - a potion of mutation {unknown}


   Skills:
 + Level 2.4 Fighting
 - Level 2.3 Dodging
 - Level 1.3 Stealth
 + Level 1.2 Shields
 + Level 6.4 Unarmed Combat
 - Level 3.2 Evocations


You had 6 spell levels left.
You didn't know any spells.
Your spell library contained the following spells:

 Spells                   Type           Power      Damage    Failure   Level
 Fulminant Prism          Conj/Alch      0%         3d5       94%         4
 Petrify                  Alch/Erth      0%         N/A       94%         4
 Yara's Violent Unravell  Hex/Alch       0%         3d3       100%        5
 Eringya's Noxious Bog    Alch           0%         4d6       100%        6


Dungeon Overview and Level Annotations

Branches:
Dungeon (4/15)
 Temple: D:4-7

Altars:


Innate Abilities, Weirdness & Mutations

You cannot wear most types of armour.
You are amphibious.
You can wear up to eight rings at the same time.
Your skin changes colour to match your surroundings (Stealth+).
Your rubbery body absorbs attacks. (AC +1, EV +1)
((You are camouflaged when in or above water. (Stealth+)))
You have tentacles for arms and can constrict up to eight enemies at once.


Message History

Something hits you.
* * * LOW HITPOINT WARNING * * *
Unknown command.
You are too confused!
Okay, then.
It was a potion of brilliance.
You feel clever all of a sudden.
You feel less confused. Something hits you.
* * * LOW HITPOINT WARNING * * *
You hear some strange, mumbled words.
You are confused.
It was a potion of curing.
You feel better. Something hits you.
* * * LOW HITPOINT WARNING * * *
Something hits you.
* * * LOW HITPOINT WARNING * * *
Okay, then.
Aiming: Charm
Press: ? - help, Shift-Dir - straight line, f - orc
Aim: an orc, wielding a +0 dagger (chance to affect: 73%)
You detect the charmed orc wizard.
Reactivating autopickup.
The orc hits your orc wizard with a +0 dagger.
Something hits you.
* * * LOW HITPOINT WARNING * * *
Deactivating autopickup; reactivate with Ctrl-A.
Your orc wizard closely misses the orc.
Okay, then.
Unknown command.
What are your orders? t - Shout!
Orders for allies: a - Attack new target. p - Attack previous target. r - Retreat! s - Stop attacking. g - Guard the area. f - Follow me.
Anything else - Cancel.
Guard this area!
The orc closely misses your orc wizard. Something hits you.
* * * LOW HITPOINT WARNING * * *
Your orc wizard hits the orc with a +0 dagger.
The orc misses your orc wizard.
Your orc wizard closely misses the orc.
Something hits you.
You die...

#########
#.......###################
#.......#....#....#........
'.......#....'....#........
#########....#....#o.......
#.......#....#...##o#############
#.♣.♣.♣.#...##'###...............
#.......##'##....................
#>..........#...@................
#.......#...#..................).
#.♣.♣.♣.#...+....................
#.......###'#.....######........#
#########.........#....#........#
..................#....#........#
..................#....#........#
..................#....#........#
#.................#....#.[......#


You could see an orc (distracted, ally target) and a friendly orc wizard
(charmed, invisible).

Vanquished Creatures
  A scorpion (D:4)
  A bullfrog (D:4)
  A howler monkey (D:4)
  A bombardier beetle (D:4)
  A hound (D:4)
  A jelly (D:3)
  An iguana (D:4)
  2 orc wizards (D:4)
  A gnoll (D:1)
  3 adders (D:4)
  A shadow imp (D:4)
  2 dart slugs
  3 ribbon worms
  11 orcs (D:4)
  3 bats (D:1)
  9 endoplasms
  A giant cockroach (D:2)
  5 goblins
  2 hobgoblins (D:4)
  3 quokkas
  7 ball pythons
  4 frilled lizards
  9 kobolds
  5 rats
78 creatures vanquished.

Vanquished Creatures (others)
  2 orcs (D:4)
2 creatures vanquished.

Grand Total: 80 creatures vanquished

Notes
Turn   | Place    | Note
-------+----------+-------------------------------------------
     0 | D:1      | H0rd4k the Octopode Artificer began the quest for the Orb.
     0 | D:1      | Reached XP level 1. HP: 13/13 MP: 1/1
    97 | D:1      | Reached skill level 1 in Unarmed Combat
   101 | D:1      | Reached XP level 2. HP: 14/18 MP: 2/2
   182 | D:1      | Reached skill level 2 in Unarmed Combat
   346 | D:1      | Reached XP level 3. HP: 22/23 MP: 3/3
  1070 | D:2      | Found a faded altar of an unknown god.
  1444 | D:3      | Reached skill level 3 in Unarmed Combat
  1444 | D:3      | Reached XP level 4. HP: 15/28 MP: 4/4
  1817 | D:4      | Noticed a bullfrog
  1846 | D:4      | Reached skill level 4 in Unarmed Combat
  1849 | D:4      | Reached XP level 5. HP: 28/34 MP: 5/5
  1959 | D:4      | Got the Codex of the Scorpion
  2013 | D:4      | Reached skill level 1 in Shields
  2015 | D:4      | Reached skill level 5 in Unarmed Combat
  2020 | D:4      | Reached XP level 6. HP: 34/39 MP: 6/6
  2443 | D:4      | Reached skill level 6 in Unarmed Combat
  2569 | D:4      | Reached XP level 7. HP: 25/45 MP: 7/7
  2801 | D:4      | HP: 2/45 [something (3)]
  2803 | D:4      | Slain by an orc wizard

Illustrated notes

Levels and vault maps discovered:
D:1:      psy_arrival_whirlpool, layout_basic, minmay_misc_feat_more_columns,
          chequers_serial_rivers_micro_a
D:2:      layout_loops_ring, dreamdust_ecumenical_altar_statues
D:3:      layout_rooms
D:4:      minmay_clustersquares, layout_gridville, grunt_ministairs_3,
          nicolae_concentric_dashed_squares_mild

Skill      XL: |  1  2  3  4  5  6 |
---------------+-------------------+-----
Unarmed Combat | 1 2 3 4 5 6 |  6.4
Fighting       | 2 |  2.4
Shields        | 1 |  1.2
Dodging        | |  2.3
Stealth        | |  1.3
Evocations     | |  3.2

Action                     |  1- 3 |  4- 6 |  7- 9 || total
---------------------------+-------+-------+-------++-------
  Melee: Unarmed           |    73 |    90 |    18 ||   181
         Constrict         |    16 |    25 |     2 ||    43
         Tentacles         |    15 |    25 |     4 ||    44
         Punch             |     3 |     5 |     2 ||    10
  Evoke: Wand              |     2 |     3 |     1 ||     6
    Use: Potion            |       |       |     2 ||     2
   Stab: Sleeping          |     7 |     6 |       ||    13
 Armour: Skin              |    30 |    36 |    25 ||    91
  Dodge: Dodged            |    41 |    44 |     3 ||    88
  Block: Other             |     5 |    11 |     1 ||    17
